 Dungeon Crawl Stone Soup version 0.31-a0-1074-g0b22e4e0f1 (webtiles) character file.

Game seed: 8212647294157706848

921 Dittersdorf the Shield-Bearer (level 8, -1/51 HPs)
             Began as a Gargoyle Fighter on Nov 28, 2023.
             Slain by a two-headed ogre
             ... wielding a +0 dire flail
              (15 damage)
             ... on level 5 of the Dungeon.
             The game lasted 00:04:43 (3676 turns).

Dittersdorf the Shield-Bearer (Gargoyle Fighter)    Turns: 3676, Time: 00:04:43

Health: -1/51      AC: 21    Str: 23    XL:     8   Next: 10%
Magic:  8/8        EV: 13    Int:  8    God:
Gold:   143        SH:  5    Dex:  9    Spells: 7/7 levels left

rFire   . . .        a - +1 flail
rCold   . . .        c - +0 buckler
rNeg    + . .        l - +0 chain mail
rPois   ∞            (no helmet)
rElec   +            (no cloak)
rCorr   .            (no gloves)
SInv    .            k - +0 pair of boots
Will    .....        (no amulet) Stlth
                     j - +4 ring of protection
HPRegen 0.28/turn    u - +5 ring of evasion
MPRegen 0.11/turn

%: no passive effects
@: no status effects
A: sickness immunity, AC +5, negative energy resistance 1, electricity
resistance, torment resistance 1, petrification resistance
a: no special abilities


You were on level 5 of the Dungeon.
You visited 1 branch of the dungeon, and saw 5 of its levels.

You collected 143 gold pieces.

Inventory:

Hand Weapons
 a - a +1 flail (weapon)
Missiles
 t - a throwing net
Armour
 c - a +0 buckler (worn)
 k - a +0 pair of boots (worn)
 l - a +0 chain mail (worn)
Jewellery
 j - a +4 ring of protection (left hand)
 s - a ring of resist corrosion
 u - a +5 ring of evasion (right hand)
Wands
 w - a wand of flame (14) (quivered)
Scrolls
 f - a scroll of teleportation
 o - a scroll of fear
 r - 2 scrolls of blinking
 v - 3 scrolls of enchant weapon
Potions
 b - a potion of mutation {unknown}
 d - a potion of might
 e - a potion of magic {unknown}
 n - 3 potions of curing
 p - a potion of heal wounds


   Skills:
 + Level 5.9 Fighting
 + Level 4.8 Maces & Flails
 + Level 5.9 Armour
 + Level 5.9 Shields


You had 7 spell levels left.
You didn't know any spells.
Your spell library contained the following spells:

 Spells                   Type           Power      Damage    Failure   Level
 Magic Dart               Conj           0%         1d3       95%         1
 Call Imp                 Summ           0%         N/A       99%         2
 Mephitic Cloud           Conj/Pois/Air  0%         N/A       100%        3


Dungeon Overview and Level Annotations

Branches:
Dungeon (5/15)
 Temple: D:4-7

Altars:
Kikubaaqudgha
Vehumet
Xom
Zin

Shops:
D:2 ?


Innate Abilities, Weirdness & Mutations

You are immune to sickness and miasma.
Your stone body is resilient. (AC +5)
You are immune to poison.
You resist negative energy. (rN+)
You are resistant to electric shocks. (rElec)
You are resistant to unholy torment.
You are immune to petrification.


Message History

The puff of flame hits the two-headed ogre.
The two-headed ogre is lightly wounded.
Aiming: Throw Flame
Press: ? - help, Q - select action, (/) - cycle Shift-Dir - straight line, f/p - two-headed ogre
Aim: a two-headed ogre, wielding a +0 dire flail and a +0 giant club (lightly wounded, 85% to hit)
The puff of flame hits the two-headed ogre.
The two-headed ogre is lightly wounded.
Aiming: Throw Flame
Press: ? - help, Q - select action, (/) - cycle Shift-Dir - straight line, f/p - two-headed ogre
Aim: a two-headed ogre, wielding a +0 dire flail and a +0 giant club (lightly wounded, 85% to hit)
The puff of flame hits the two-headed ogre but does no damage.
The two-headed ogre is lightly wounded.
Aiming: Throw Flame
Press: ? - help, Q - select action, (/) - cycle Shift-Dir - straight line, f/p - two-headed ogre
Aim: a two-headed ogre, wielding a +0 dire flail and a +0 giant club (lightly wounded, 85% to hit)
The puff of flame misses the two-headed ogre.
Aiming: Throw Flame
Press: ? - help, Q - select action, (/) - cycle Shift-Dir - straight line, f/p - two-headed ogre
Aim: a two-headed ogre, wielding a +0 dire flail and a +0 giant club (lightly wounded, 85% to hit)
The puff of flame hits the two-headed ogre.
The two-headed ogre is moderately wounded.
Aiming: Throw Flame
Press: ? - help, Q - select action, (/) - cycle Shift-Dir - straight line, f/p - two-headed ogre
Aim: a two-headed ogre, wielding a +0 dire flail and a +0 giant club (moderately wounded, 85% to hit)
The puff of flame hits the two-headed ogre.
The two-headed ogre is moderately wounded.
You sock the two-headed ogre!
The two-headed ogre is heavily wounded.
The two-headed ogre hits you with a +0 dire flail!
The two-headed ogre hits you with a +0 giant club!!
You sock the two-headed ogre!
The two-headed ogre is severely wounded.
The two-headed ogre hits you with a +0 dire flail!
* * * LOW HITPOINT WARNING * * *
The two-headed ogre closely misses you.
You sock the two-headed ogre!
The two-headed ogre is almost dead.
The two-headed ogre closely misses you.
The two-headed ogre hits you with a +0 giant club!
You die...

......#.........#####.##########
......#######...#####...########
......### #...............####
........## #.#.#####.......####
......#..## #.#.#####...<...####
......##..# #.#.################
#########.###)..################
** #...))...###############
,*******########@###############
,,,,,,,,,........O.....#########
,********##########........$####
,,,,,,,,,,,,,,>,,...##......####
,,,,,,,,,,,,,,,,,,,,,,,,,,,,*
**********************,,,,,,*
********


You could see a two-headed ogre.

Vanquished Creatures
  Grinder (D:3)
  Sigmund (D:2)
  A black bear (D:5)
  A scorpion (D:4)
  A gnoll bouda (D:5)
  Ijyb (D:4)
  Natasha (thrice) (D:4)
  4 orc wizards
  4 gnolls (D:5)
  7 adders
  2 ufetubi (D:5)
  A dart slug (D:3)
  6 orcs (D:3)
  5 ball pythons
  3 bat zombies (D:3)
  4 endoplasms
  A giant cockroach (D:3)
  3 goblins
  10 hobgoblins
  2 jackals (D:3)
  A quokka (D:4)
  6 bats
  7 frilled lizards
  8 kobolds
  9 rats
  A rat zombie (D:3)
93 creatures vanquished.

Vanquished Creatures (others)
  An angel (D:3)
  An orc wizard (D:4)
2 creatures vanquished.

Grand Total: 95 creatures vanquished

Notes
Turn   | Place    | Note
-------+----------+-------------------------------------------
     0 | D:1      | Dittersdorf the Gargoyle Fighter began the quest for the
                  | Orb.
     0 | D:1      | Reached XP level 1. HP: 14/14 MP: 1/1
   302 | D:1      | Reached XP level 2. HP: 19/19 MP: 2/2
   721 | D:2      | Reached XP level 3. HP: 22/23 MP: 3/3
   879 | D:2      | Noticed Sigmund
   900 | D:2      | Killed Sigmund
   901 | D:2      | Reached XP level 4. HP: 26/30 MP: 4/4
   901 | D:2      | Reached XP level 5. HP: 29/34 MP: 5/5
   972 | D:2      | Found Jeorauxt's Magic Scroll Emporium.
  1093 | D:2      | Found a faded altar of an unknown god.
  1319 | D:3      | Reached XP level 6. HP: 24/39 MP: 6/6
  1495 | D:3      | Identified the +1 ring mail of the Eternal Void {Harm rN+}
  1529 | D:3      | Found a glowing silver altar of Zin.
  1531 | D:3      | Noticed an angel
  1537 | D:3      | Found a shimmering altar of Xom.
  1577 | D:3      | Noticed Grinder
  1595 | D:3      | Killed Grinder
  1596 | D:3      | Reached skill level 5 in Fighting
  1596 | D:3      | Reached skill level 5 in Armour
  1596 | D:3      | Reached skill level 5 in Shields
  1596 | D:3      | Reached XP level 7. HP: 22/44 MP: 7/7
  1800 | D:3      | Found an ancient bone altar of Kikubaaqudgha.
  1968 | D:3      | Killed an angel
  2374 | D:4      | Noticed Ijyb
  2402 | D:4      | Killed Ijyb
  2425 | D:4      | Found a radiant altar of Vehumet.
  2436 | D:4      | Noticed Natasha
  2449 | D:4      | Killed Natasha
  2622 | D:4      | Noticed Natasha
  2630 | D:4      | Killed Natasha
  2733 | D:4      | Noticed Natasha
  2740 | D:4      | Killed Natasha
  3281 | D:5      | Entered Level 5 of the Dungeon
  3529 | D:5      | Reached XP level 8. HP: 40/51 MP: 8/8
  3667 | D:5      | Noticed a two-headed ogre
  3676 | D:5      | Slain by a two-headed ogre

Illustrated notes

Levels and vault maps discovered:
D:1:      psy_arrival_fountain, layout_basic, kennysheep_decorative_pillar
D:2:      layout_rooms, serial_shops, shop,
          shapermc_ecumenical_altar_mp_vishouse, uniq_sigmund
D:3:      layout_basic, lemuel_zombie_altar_kikubaaqudgha,
          grunt_temple_overflow_order_and_chaos_1, hangedman_feature_mirror,
          uniq_grinder
D:4:      layout_basic, mainiacjoe_overflow_six_doors_small,
          minmay_a_box_with_orc_wizards_in_it, uniq_natasha, uniq_ijyb
D:5:      layout_rooms

Skill      XL: |  1  2  3  4  5  6  7 |
---------------+----------------------+-----
Fighting       | 4 5 |  5.9
Maces & Flails | 3 4 |  4.8
Armour         | 4 5 |  5.9
Shields        | 4 5 |  5.9

Action                     |  1- 3 |  4- 6 |  7- 9 || total
---------------------------+-------+-------+-------++-------
  Melee: Flail             |    90 |    99 |   224 ||   413
  Evoke: Wand              |       |       |     6 ||     6
    Use: Scroll            |       |       |    10 ||    10
 Armour: Scale mail        |    48 |     6 |       ||    54
         Chain mail        |       |    98 |   259 ||   357
  Dodge: Dodged            |    49 |    37 |   158 ||   244
  Block: Buckler           |    16 |    24 |    76 ||   116

Table legend: (Time is in decaauts)
 A = Elapsed time spent in this place.
 B = Non-inter-level travel time spent in this place.
 C = Inter-level travel time spent in this place.
 D = Time resting spent in this place.
 E = Time spent auto-exploring this place.
 F = Levels seen in this place.
 G = Mean time per level.
                   A        B        C        D        E       F      G
               +--------+--------+--------+--------+--------+-----+--------+
         Total |   3783 |   3619 |    164 |    190 |   2529 |   5 |  756.6 |
       Dungeon |   3783 |   3619 |    164 |    190 |   2529 |   5 |  756.6 |
               +--------+--------+--------+--------+--------+-----+--------+

Top non-repeatable levels by time:
     D:4: 1184 daAuts
     D:3: 1147 daAuts
     D:1: 719 daAuts
     D:2: 479 daAuts
     D:5: 252 daAuts
